 Dungeon Crawl Stone Soup version 0.28-a0-479-g5baa6b73be (webtiles) character file.

Game seed: 9815204481925330812

120 TrogsFancyHat the Grave Robber (level 5, 0/38 HPs)
             Began as a Ghoul Necromancer on Sept 17, 2021.
             Killed from afar by Ijyb (38 damage)
             ... with a bolt of acid
             ... on level 3 of the Dungeon.
             The game lasted 00:08:19 (3376 turns).

TrogsFancyHat the Grave Robber (Ghoul Necromancer)  Turns: 3376, Time: 00:08:20

Health: 0/38       AC:  3    Str: 12    XL:     5   Next: 4%
Magic:  8/8        EV: 12    Int: 17    God:
Gold:   50         SH:  5    Dex: 15    Spells: 5/10 levels left

rFire   . . .      SeeInvis .   k - +0 spear
rCold   + . .      Faith    .   (no shield)
rNeg    + + +      Spirit   .   a - +0 robe
rPois   ∞          Reflect  +   (no helmet)
rElec   .          Harm     .   e - +0 cloak
rCorr   .          Rampage  .   (no gloves)
Will    .....                   (no boots)
Stlth   ++........              b - amulet of reflection
HPRegen 0.00/turn               h - +6 ring of dexterity
MPRegen 0.11/turn               m - +6 ring of intelligence

@: inhibited regen
A: claws 1, cold resistance 1, negative energy resistance 3, inhibited
regeneration, torment resistance 2
a: no special abilities


You were on level 3 of the Dungeon.
You visited 1 branch of the dungeon, and saw 3 of its levels.

You collected 83 gold pieces.
You spent 33 gold pieces at shops.

Inventory:

Hand Weapons
 k - a +0 spear (weapon)
Armour
 a - a +0 robe (worn)
 e - a +0 cloak (worn)
Jewellery
 b - an amulet of reflection (around neck)
 h - a +6 ring of dexterity (left claw)
 m - a +6 ring of intelligence (right claw)
Scrolls
 c - 3 scrolls of summoning {unknown}
 g - 3 scrolls of teleportation
 j - a scroll of blinking {unknown}
Potions
 d - a potion of heal wounds {unknown}
 f - a potion of attraction {unknown}
 i - 2 potions of curing {unknown}
 l - a potion of brilliance {unknown}


   Skills:
 - Level 1.7 Dodging
 - Level 2.1 Stealth
 + Level 3.0 Spellcasting
 + Level 5.3 Necromancy


You had 5 spell levels left.
You knew the following spells:

 Your Spells              Type           Power      Damage    Failure   Level
a - Pain                  Necr           80%        1d8       1%          1
b - Animate Skeleton      Necr           40%        N/A       1%          1
c - Vampiric Draining     Necr           10%        2d7       6%          3

Your spell library contained the following spells:

 Spells                   Type           Power      Damage    Failure   Level
 Animate Dead             Necr           10%        N/A       19%         4
 Agony                    Necr           20%        N/A       47%         5
 Borgnjor's Vile Clutch   Necr/Erth      5%         N/A       85%         5
 Alistair's Intoxication  Tmut/Pois      1%         N/A       99%         5
 Eringya's Noxious Bog    Tmut/Pois      1%         N/A       100%        6


Dungeon Overview and Level Annotations

Branches:
Dungeon (3/15)

Altars:
Kikubaaqudgha

Shops:
D:3 **(*

Annotations:
D:3 Ijyb


Innate Abilities, Weirdness & Mutations

You thrive by killing the living.
You are immune to poison.
You have sharp fingernails.
Your flesh is cold resistant. (rC+)
You are immune to negative energy. (rN+++)
You do not regenerate when monsters are visible.
You are immune to unholy pain and torment.


Message History

The bat barely misses you.
The dart slug bites you but does no damage.
You hit the dart slug but do no damage.
The dart slug is almost dead.
The bat closely misses you.
You hit the dart slug.
You kill the dart slug!
You feel better. The bat hits you but does no damage.
You reach to attack!
You hit the bat.
You kill the bat!
You feel better.
No target in view!
No target in view!
m - a +6 ring of intelligence You feel clever.
m - a +6 ring of intelligence (right claw)
You now have 34 gold pieces (gained 10).
You now have 40 gold pieces (gained 6).
There is a dry fountain here.
You now have 47 gold pieces (gained 7).
You now have 50 gold pieces (gained 3).
You open the door.
Found Poubyla's General Store.
There is an open door here.
There is an entrance to Poubyla's General Store here.
Unknown command.
You open the door.
Ijyb the Twisted Goblin comes into view.
She is wielding a +0 club and carrying a wand of acid (5).
Ijyb shouts!
Ijyb is nearby!
Ijyb is nearby!
Ijyb is nearby!
Ijyb is nearby!
Which direction?
You close the door.
Ijyb opens the door.
There is an open door here.
Ijyb zaps a wand.
The bolt of acid hits you!!!
Ouch! That really hurt!
You die...

#.##................#####.#
#.........#.###.##### #.#
#####.....#.###.# #†#
##†#........# #.#
#.#†.#.##### #.. #.#..#.##
#.# #.......# #.#
######...#.# #.#
........@#+####### #.#
.........'∩'g..... ..#
.#######.#+####### ..# #..
#. #.## #.# #.# #.# #.#


You could see Ijyb.

Vanquished Creatures
  An iguana (D:3)
  3 adders
  3 dart slugs
  A worm (D:2)
  An orc (D:3)
  6 ball pythons
  4 bats
  9 endoplasms
  A giant cockroach (D:1)
  7 goblins
  4 hobgoblins
  7 jackals
  A frilled lizard (D:3)
  2 kobolds
  4 rats
54 creatures vanquished.

Notes
Turn   | Place    | Note
-------+----------+-------------------------------------------
     0 | D:1      | TrogsFancyHat the Ghoul Necromancer began the quest for the
                  | Orb.
     0 | D:1      | Reached XP level 1. HP: 14/14 MP: 2/2
   648 | D:1      | Reached XP level 2. HP: 20/20 MP: 3/3
  1360 | D:2      | Reached XP level 3. HP: 26/26 MP: 1/5
  1445 | D:2      | Found a faded altar of an unknown god.
  1496 | D:2      | Noticed a phantom
  2752 | D:2      | Reached skill level 5 in Necromancy
  2827 | D:3      | Found Teps's General Store.
  2857 | D:3      | Reached XP level 4. HP: 19/33 MP: 0/7
  3023 | D:3      | Bought a scroll of teleportation for 33 gold pieces
  3146 | D:3      | Found Pef Laim's Weapon Shop.
  3216 | D:3      | Learned a level 1 spell: Animate Skeleton
  3220 | D:3      | Learned a level 3 spell: Vampiric Draining
  3259 | D:3      | Reached XP level 5. HP: 38/38 MP: 1/8
  3323 | D:3      | Found Miaggewu's General Store.
  3325 | D:3      | Found an ancient bone altar of Kikubaaqudgha.
  3370 | D:3      | Found Poubyla's General Store.
  3373 | D:3      | Noticed Ijyb
  3376 | D:3      | Killed from afar by Ijyb

Illustrated notes

Levels and vault maps discovered:
D:1:      heliophobic_arrival_enchanted_forest, layout_loops_corners
D:2:      minmay_angry_zag, layout_basic,
          hellmonk_ecumenical_altar_heavens_door, nrook_campfire,
          kennysheep_pointless_box, hangedman_decor_diamond_cutter,
          supply_closet_lemuel, due_unseen_surprise
D:3:      minmay_general_purpose_star, layout_loops_ring,
          kiku_gazebo_pond_becter, serial_shops, nicolae_shop_window_shopping,
          nicolae_shop_crystal, nicolae_shop_behind_doors, shop,
          nicolae_lakefront_shop, uniq_ijyb

Skill      XL: |  1  2  3  4 |
---------------+-------------+-----
Spellcasting   | 2 3 |  3.0
Necromancy     | 5 |  5.3
Dodging        | |  1.7
Stealth        | |  2.1

Action                   |  1- 3 |  4- 6 || total
-------------------------+-------+-------++-------
Melee: Dagger            |   179 |       ||   179
       Unarmed           |     3 |       ||     3
       Spear             |     1 |    26 ||    27
 Cast: Pain              |    41 |    22 ||    63
       Animate Skeleton  |       |     1 ||     1
 Stab: Sleeping          |     1 |       ||     1
Armor: Robe              |    54 |     8 ||    62
Dodge: Dodged            |   140 |    18 ||   158
Block: Other             |       |     7 ||     7

Table legend: (Time is in decaauts)
 A = Elapsed time spent in this place.
 B = Non-inter-level travel time spent in this place.
 C = Inter-level travel time spent in this place.
 D = Time resting spent in this place.
 E = Time spent auto-exploring this place.
 F = Levels seen in this place.
 G = Mean time per level.
                   A        B        C        D        E       F      G
               +--------+--------+--------+--------+--------+-----+--------+
         Total |   3380 |   3221 |    159 |    244 |   2340 |   3 | 1126.7 |
       Dungeon |   3380 |   3221 |    159 |    244 |   2340 |   3 | 1126.7 |
               +--------+--------+--------+--------+--------+-----+--------+

Top non-repeatable levels by time:
     D:1: 1592 daAuts
     D:2: 1342 daAuts
     D:3: 445 daAuts
